 Dungeon Crawl Stone Soup version 0.32-a0-643-ga006e7742e (console) character file.

Game seed: 12034699451955649693

148747 MakMorn the Severer (level 16, -1/154 HPs)
             Began as a Mountain Dwarf Fighter on Mar 7, 2024.
             Was an Elder of Okawaru.
             Killed from afar by Aizul (11 damage)
             ... with a bolt of poison
             ... on level 2 of the Spider Nest on Mar 8, 2024.
             The game lasted 02:28:29 (33611 turns).

MakMorn the Severer (Mountain Dwarf Fighter)       Turns: 33611, Time: 02:28:31

Health: -1/154     AC: 30    Str: 27    XL:     16   Next: 94%
Magic:  25/25      EV:  8    Int:  9    God:    Okawaru [****..]
Gold:   2557       SH: 17    Dex:  9    Spells: 15/15 levels left

rFire   . . .        a - +1 war axe (protect)
rCold   . . .        i - +0 tower shield
rNeg    . . .        d - +1 plate armour
rPois   .            h - +0 helmet
rElec   .            e - +0 cloak {Stlth+}
rCorr   .            g - +0 pair of gloves
SInv    .            f - +0 pair of boots
Will    +++..        W - amulet of faith Stlth
                     r - ring of willpower
HPRegen 0.45/turn    K - +4 ring of slaying
MPRegen 0.19/turn

%: faith
@: lethally poisoned (-1 -> -33), under a protective aura, enlightened, flying,
studying 2 skills
A: runic magic, artefact enchanting
a: Renounce Religion, Heroism, Finesse


You were on level 2 of the Spider Nest.
You worshipped Okawaru.
Okawaru was greatly pleased with you.
You visited 5 branches of the dungeon, and saw 25 of its levels.
You also visited: Bailey.

You collected 2809 gold pieces.
You spent 252 gold pieces at shops.

Inventory:

Hand Weapons
 a - a +1 war axe of protection (weapon)
 b - a +5 mace of freezing
 j - a +4 vampiric trident
 p - the +9 spear of a bazaar {flame, rN+ rCorr Str+3}
   (You found it on level 13 of the Dungeon)

   Str+3:     It affects your strength (+3).
   rN+:       It protects you from negative energy.
   rCorr:     It protects you from acid and corrosion.
 F - a +2 vampiric hand axe
 N - a +2 spectral demon trident
Missiles
 l - 238 stones
 P - 35 boomerangs (quivered)
Armour
 d - a +1 plate armour (worn)
 e - a +0 cloak of stealth (worn)
 f - a +0 pair of boots (worn)
 g - a +0 pair of gloves (worn)
 h - a +0 helmet (worn)
 i - a +0 tower shield (worn)
 k - a +2 leather armour of poison resistance
 s - a +2 robe of fire resistance
 t - +0 ice dragon scales
 L - the +1 scale mail "Jeynakk" {+Inv rElec}
   (You bought it in a shop on level 2 of the Orcish Mines)

   rElec:     It insulates you from electricity.
   +Inv:      It lets you turn invisible.
Jewellery
 r - a ring of willpower (left hand)
 y - a ring of fire
 z - a +4 ring of protection
 C - a ring of protection from cold
 H - an amulet of regeneration
 K - a +4 ring of slaying (right hand)
 V - an amulet of reflection
 W - an amulet of faith (around neck)
Wands
 w - a wand of mindburst (10)
 E - a wand of roots (9)
 R - a wand of quicksilver (9)
Scrolls
 m - 2 scrolls of revelation
 o - 7 scrolls of fog
 q - a scroll of poison
 v - 6 scrolls of fear
 D - a scroll of noise
 G - a scroll of brand weapon
 I - 13 scrolls of teleportation
 J - a scroll of blinking
Potions
 c - 4 potions of enlightenment
 n - 2 potions of invisibility
 u - 2 potions of resistance
 x - a potion of haste
 A - a potion of magic
 B - 3 potions of curing
 O - a potion of heal wounds
 S - 2 potions of might
 T - a potion of cancellation
Miscellaneous
 M - a lightning rod (4/4)


   Skills:
 * Level 16.8 Fighting
 + Level 19.4 Axes
 * Level 4.8 Throwing
 * Level 13.6 Armour
 - Level 6.0 Dodging
 * Level 15.3 Shields
 - Level 12.0 Invocations


You had 15 spell levels left.
You didn't know any spells.
Your spell library contained the following spells:

 Spells                   Type           Power      Damage    Failure   Level
 Necrotise                Necr           0%         1d4       82%         1
 Blink                    Tloc           0%         N/A       91%         2
 Cigotuvi's Dreadful Rot  Necr/Alch/Air  0%         N/A       91%         2
 Ensorcelled Hibernation  Hex/Ice        0%         N/A       91%         2
 Lesser Beckoning         Tloc           0%         N/A       91%         2
 Momentum Strike          Conj/Tloc      0%         3d8       91%         2
 Dazzling Flash           Conj/Hex       0%         N/A       99%         3
 Fugue of the Fallen      Necr           0%         N/A       99%         3
 Mephitic Cloud           Conj/Alch/Air  0%         N/A       99%         3
 Ozocubu's Armour         Ice            0%         N/A       99%         3
 Passwall                 Erth           0%         N/A       99%         3
 Swiftness                Air            0%         N/A       99%         3
 Vampiric Draining        Necr           0%         2d6       99%         3
 Dispel Undead            Necr           0%         3d6       100%        4
 Ignite Poison            Fire/Alch      0%         N/A       100%        4
 Manifold Assault         Tloc           0%         N/A       100%        4
 Olgreb's Toxic Radiance  Alch           0%         N/A       100%        4
 Sticky Flame             Fire/Alch      0%         2d4       100%        4
 Vhi's Electric Charge    Tloc/Air       0%         N/A       100%        4
 Arcjolt                  Conj/Air       0%         1d10      100%        5
 Curse of Agony           Necr           0%         N/A       100%        5
 Freezing Cloud           Conj/Ice/Air   0%         6-21      100%        5
 Lee's Rapid Deconstruct  Erth           0%         3d4*      100%        5
 Silence                  Hex/Air        0%         N/A       100%        5
 Conjure Ball Lightning   Conj/Air       0%         3x3d6     100%        6
 Plasma Beam              Fire/Air       0%         2x1d10    100%        6
 Ozocubu's Refrigeration  Ice            0%         4d7       100%        7
 Discord                  Hex            0%         N/A       100%        8
 Ignition                 Fire           0%         3d3       100%        8
 Animate Armour           Summ/Erth      Unusable   N/A       N/A         4
 Martyr's Knell           Necr/Summ      Unusable   N/A       N/A         4
 Summon Lightning Spire   Summ/Air       Unusable   N/A       N/A         4
 Death Channel            Necr           Unusable   N/A       N/A         6

Dungeon Overview and Level Annotations

Branches:
Dungeon (15/15)            Temple (1/1) D:5            Lair (5/5) D:10
  Swamp (0/4) Lair:2       Spider (2/4) Lair:3        Slime (0/5) Lair:4
    Orc (2/2) D:10            Elf (0/3) Orc:2        Vaults (0/5) D:13
 Depths (0/4) D:15         Bailey (visited)

Altars:
Ashenzari
Cheibriados
Dithmenos
Elyvilon
Fedhas
Gozag
Hepliaklqana
Kikubaaqudgha
Makhleb
Nemelex Xobeh
Okawaru
Qazlal
Ru
Sif Muna
Trog
Uskayaw
Vehumet
Wu Jian
Xom
Yredelemnul
Zin
The Shining One
Beogh
Jiyva

Shops:
D:7 :   D:10 [   D:13 *   Orc:2 ([*:

Annotations:
D:11 2 runed translucent doors, exclusion: orange crystal statue
D:14 Roxanne
Spider:2 Aizul


Innate Abilities, Weirdness & Mutations

Your spellcasting is much less encumbered by armour.
You can use scrolls of enchantment on lesser artefacts.


Message History

You hit Aizul.
Aizul is moderately wounded.
You feel very sick. Aizul casts a spell at you. You block the poison arrow.
You miss Aizul.
Aizul is moderately wounded.
You feel very sick. You block Aizul's attack.
You slash Aizul!
Aizul is moderately wounded.
You feel very sick.
Aizul coils herself and waves her upper body at you.
The bolt of poison hits you.
You are lethally poisoned!
* * * LOW HITPOINT WARNING * * *
You feel better. Aizul casts a spell at you.
The bolt of poison hits you but does no damage.
You are lethally poisoned!
You block Aizul's attack.
You closely miss Aizul.
Aizul is moderately wounded.
* * * LOW HITPOINT WARNING * * *
You feel very sick. You block Aizul's attack.
You closely miss Aizul.
Aizul is moderately wounded.
* * * LOW HITPOINT WARNING * * *
You feel very sick. Aizul casts a spell at you.
You resist with almost no effort.
You miss Aizul.
Aizul is moderately wounded.
* * * LOW HITPOINT WARNING * * *
You feel very sick. Aizul casts a spell at you. The bolt of poison hits you!
You are more poisoned.
You die...

....^.....^.##
^#.............>....#
....^...............#
....................#
#..........(........#
....................#
...............†....#
#..>..S........<..##
#...@..†.......##
###............#
##..........##
#.........##
##.......## #......##
#...^### ##..## ####


You could see Aizul.

Vanquished Creatures
  Mlioglotl (Spider:1)
  Asterion (Spider:1)
  Frances (Spider:1)
  Kirke (D:14)
  2 emperor scorpions (Spider:1)
  The ghost of jasper the Bludgeoner, a journeyman MDFi of Okawaru (Orc:2)
  An orc warlord (Orc:1)
  The ghost of jamsaran the Fetichist, a journeyman DgAl (Lair:5)
  The ghost of Posi the Severer, a journeyman DsBe of Trog (Lair:5)
  A minotaur (Orc:2)
  An entropy weaver (Spider:1)
  An ettin (D:13)
  Josephine (Orc:1)
  6 hydras
  Harold (D:10)
  2 ice dragons (D:15)
  6 boulder beetles
  Erica (D:8)
  3 dancing weapons (D:13)
  A catoblepas (Lair:4)
  7 centaur warriors
  8 two-headed ogres
  10 death yaks
  The ghost of MrSquiggles the Slasher, a novice DsWn of Ashenzari (D:10)
  5 demonic crawlers (Spider:1)
  5 orc high priests
  Sonja (Orc:1)
  6 skysharks
  Amaemon (Lair:3)
  A fire crab (D:14)
  A sixfirhy (D:8)
  An orb spider (Spider:1)
  A pharaoh ant (Spider:1)
  2 goliath frogs
  A deep troll (D:13)
  An arcanist (D:14)
  Pikel (D:7)
  A harpy (shapeshifter) (D:14)
  5 deep elf pyromancers
  4 wolf spiders (Spider:1)
  4 cyclopes
  29 ugly things
  4 orc sorcerers
  5 orc knights
  A moth of wrath (shapeshifter) (D:13)
  10 elephants
  A kobold blastminer (Orc:2)
  3 meliai (Spider:1)
  3 manticores
  5 black mambas
  10 slime creatures
  2 torpor snails
  A cane toad (shapeshifter) (D:13)
  An orange demon (Lair:2)
  An unseen horror (D:11)
  27 cane toads
  Jeremiah (D:8)
  2 rime drakes
  2 kobold demonologists (D:12)
  A yaktaur (D:15)
  Psyche (D:8)
  13 komodo dragons
  3 efreet (D:14)
  7 polar bears
  6 trolls
  3 tyrant leeches
  2 tarantellas
  Prince Ribbit (D:5)
  32 blink frogs
  5 dream sheep (Lair:4)
  3 culicivoras (Spider:1)
  7 jumping spiders (Spider:1)
  A shadow (D:10)
  A vampire (D:12)
  7 wraiths
  A spriggan (shapeshifter) (D:14)
  A basilisk (shapeshifter) (D:14)
  5 wyverns
  3 hogs (D:14)
  9 vampire mosquitoes
  2 wargs
  64 yaks
  5 basilisks
  3 humans (D:14)
  19 redbacks
  2 acid dragons
  17 water moccasins
  2 swamp worms (Lair:2)
  50 orc warriors
  2 sky beasts
  8 black bears
  2 ice beasts
  2 laughing skulls (D:15)
  5 ogres
  16 wolves
  15 centaurs
  4 lemures
  2 kobold brigands (D:12)
  17 bullfrogs
  3 gnoll sergeants
  A scorpion (D:4)
  7 wights
  A hornet simulacrum (D:15)
  6 killer bees (D:7)
  2 electric eels
  3 howler monkeys (D:9)
  2 lava snakes
  2 bombardier beetles
  4 hounds
  2 jellies
  17 orc priests
  3 sleepcaps
  An iguana (D:6)
  37 orc wizards
  9 adders
  14 gnolls
  A shadow imp (D:7)
  A white imp (D:5)
  3 dart slugs
  A ribbon worm (D:5)
  94 orcs
  8 ball pythons
  6 endoplasms
  2 giant cockroaches
  8 goblins
  6 hobgoblins
  4 jackals (D:2)
  9 kobolds
  2 quokkas
  4 bats
  A frilled lizard (D:2)
  3 rats
  A spectral weapon (Spider:1)
826 creatures vanquished.

Vanquished Creatures (others)
  3 orc wizards
3 creatures vanquished.

Grand Total: 829 creatures vanquished

Notes
Turn   | Place    | Note
-------+----------+-------------------------------------------
     0 | D:1      | MakMorn the Mountain Dwarf Fighter began the quest for the
                  | Orb.
     0 | D:1      | Reached XP level 1. HP: 19/19 MP: 1/1
    74 | D:1      | Reached skill level 3 in Axes
   125 | D:1      | Reached XP level 2. HP: 21/26 MP: 2/2
   362 | D:1      | Reached skill level 4 in Axes
   498 | D:2      | Reached XP level 3. HP: 27/31 MP: 3/3
   818 | D:2      | Reached skill level 5 in Axes
  1113 | D:2      | Reached XP level 4. HP: 32/38 MP: 4/4
  1359 | D:3      | Found a faded altar of an unknown god.
  1676 | D:3      | Found a sacrificial altar of Ru.
  2081 | D:4      | Noticed an ogre
  2139 | D:4      | Reached skill level 6 in Axes
  2153 | D:4      | Noticed a scorpion
  2162 | D:4      | Killed a scorpion
  2163 | D:4      | Reached XP level 5. HP: 44/45 MP: 5/5
  2224 | D:4      | Reached skill level 7 in Axes
  2444 | D:4      | Reached skill level 8 in Axes
  2444 | D:4      | Reached XP level 6. HP: 38/51 MP: 6/6
  3010 | D:5      | Entered Level 5 of the Dungeon
  3194 | D:5      | Found a staircase to the Ecumenical Temple.
  3200 | Temple   | Entered the Ecumenical Temple
  3239 | Temple   | Became a worshipper of Warmaster Okawaru
  3303 | D:5      | Noticed an ice beast
  3312 | D:5      | Killed an ice beast
  3313 | D:5      | Reached skill level 9 in Axes
  3313 | D:5      | Reached XP level 7. HP: 33/57 MP: 7/7
  3428 | D:5      | Noticed Prince Ribbit
  3457 | D:5      | Killed Prince Ribbit
  3458 | D:5      | Reached skill level 1 in Invocations
  4456 | D:5      | Reached * piety under Okawaru
  4808 | D:6      | Reached skill level 10 in Axes
  4808 | D:6      | Reached skill level 1 in Dodging
  4808 | D:6      | Reached XP level 8. HP: 56/66 MP: 9/9
  5291 | D:6      | Reached skill level 5 in Armour
  5707 | D:7      | Found a shadowy altar of Dithmenos.
  5992 | D:7      | Found Maeh's Vocational Training.
  6010 | D:7      | Reached ** piety under Okawaru
  6161 | D:7      | Reached skill level 11 in Axes
  6347 | D:7      | Reached skill level 5 in Fighting
  6556 | D:7      | Reached XP level 9. HP: 57/74 MP: 11/11
  6763 | D:8      | Noticed Pikel
  6789 | D:7      | Killed Pikel
  6838 | D:7      | Reached skill level 12 in Axes
  6885 | D:8      | Noticed Jeremiah
  6939 | D:8      | Found a flagged portal.
  7043 | D:8      | Noticed Erica
  7046 | Bailey   | Entered a bailey
  7225 | Bailey   | Reached skill level 5 in Shields
  7648 | Bailey   | Reached *** piety under Okawaru
  7718 | Bailey   | Noticed an orc knight
  7950 | Bailey   | Reached skill level 5 in Invocations
  7950 | Bailey   | Reached XP level 10. HP: 74/84 MP: 13/13
  8023 | Bailey   | Killed an orc knight
  8216 | Bailey   | Reached skill level 13 in Axes
  8310 | Bailey   | Found a roughly hewn altar of Beogh.
  8364 | D:8      | Killed Erica
  8730 | D:8      | Noticed a two-headed ogre
  8741 | D:8      | Killed a two-headed ogre
  8950 | D:8      | Found a runed translucent door.
  8950 | D:8      | Noticed Psyche
  8951 | D:8      | Noticed a sixfirhy
  8955 | D:8      | Killed Psyche
  8955 | D:8      | Reached **** piety under Okawaru
  9465 | D:8      | Reached skill level 14 in Axes
  9465 | D:8      | Reached XP level 11. HP: 95/95 MP: 14/16
 10377 | D:10     | Entered Level 10 of the Dungeon
 10734 | D:10     | Found a staircase to the Lair.
 10773 | D:10     | Found a staircase to the Orcish Mines.
 10775 | D:10     | Found Ofin's Armour Shoppe.
 10980 | D:10     | Noticed a two-headed ogre
 11124 | D:10     | Noticed a two-headed ogre
 11125 | D:10     | Noticed a two-headed ogre
 11126 | D:10     | Found a transporter.
 11126 | D:10     | Noticed MrSquiggles's ghost (novice DsWn)
 11127 | D:10     | Identified the +1 great mace of the Pyrrhic Victory
                  | {protect, *Corrode Will+ Str+3 Int+5}
 11127 | D:10     | Noticed a two-headed ogre
 11352 | Lair:1   | Entered Level 1 of the Lair of Beasts
 11372 | Lair:1   | Reached skill level 15 in Axes
 11395 | Lair:1   | Reached XP level 12. HP: 13/103 MP: 18/18
 12004 | Lair:1   | Reached ***** piety under Okawaru
 12783 | Lair:2   | Received a gift from Okawaru
 13508 | Lair:2   | Reached skill level 16 in Axes
 14523 | Lair:2   | Noticed a five-headed hydra
 14542 | Lair:2   | Killed a five-headed hydra
 14543 | Lair:2   | Reached skill level 10 in Fighting
 14619 | Lair:2   | Noticed an eight-headed hydra
 14632 | Lair:2   | Killed an eight-headed hydra
 14633 | Lair:2   | Reached skill level 10 in Armour
 14674 | Lair:2   | Found a staircase to the Swamp.
 14971 | Lair:3   | Noticed Amaemon
 15084 | Lair:3   | Reached XP level 13. HP: 109/113 MP: 20/20
 15112 | Lair:3   | Received a gift from Okawaru
 15351 | Lair:3   | Found a hole to the Spider Nest.
 15691 | Lair:3   | Killed Amaemon
 16469 | Lair:3   | Reached skill level 10 in Invocations
 16628 | Lair:4   | Received a gift from Okawaru
 16730 | Lair:4   | Found a staircase to the Slime Pits.
 16730 | Lair:4   | Found a viscous altar of Jiyva.
 16953 | Lair:4   | Reached skill level 17 in Axes
 16999 | Lair:3   | Reached skill level 5 in Dodging
 16999 | Lair:3   | Reached skill level 10 in Shields
 17198 | Lair:4   | You fall into a shaft and drop 1 floor!
 17198 | Lair:5   | Entered Level 5 of the Lair of Beasts
 17253 | Lair:5   | Received a gift from Okawaru
 17401 | Lair:5   | Reached XP level 14. HP: 126/126 MP: 21/21
 17769 | Lair:5   | Received a gift from Okawaru
 18747 | Lair:4   | Received a gift from Okawaru
 19657 | Lair:5   | Reached skill level 18 in Axes
 19943 | Lair:5   | Received a gift from Okawaru
 20258 | Lair:5   | Got the Writings on Fumes and Force
 20471 | Lair:5   | Found a runed translucent gate.
 20472 | Lair:5   | Found a runed translucent gate.
 20473 | Lair:5   | Found a runed translucent gate.
 20474 | Lair:5   | Noticed Posi's ghost (journeyman DsBe)
 20474 | Lair:5   | Noticed jamsaran's ghost (journeyman DgAl)
 21799 | D:11     | Found a runed translucent door.
 21810 | D:11     | Found a runed translucent door.
 21823 | D:11     | Found a runed translucent door.
 21834 | D:11     | Found a runed translucent door.
 22295 | D:12     | Reached XP level 15. HP: 137/137 MP: 23/23
 22638 | D:12     | Received a gift from Okawaru
 22700 | D:12     | Reached skill level 1 in Throwing
 23297 | Orc:1    | Entered Level 1 of the Orcish Mines
 23305 | Orc:1    | Noticed Harold
 23322 | D:10     | Killed Harold
 23366 | Orc:1    | Noticed Sonja
 23376 | Orc:1    | Killed Sonja
 23535 | Orc:1    | Noticed Josephine
 23556 | Orc:1    | Killed Josephine
 23812 | Orc:2    | Entered Level 2 of the Orcish Mines
 23907 | Orc:2    | Found a staircase to the Elven Halls.
 24021 | Orc:2    | Found a runed translucent gate.
 24022 | Orc:2    | Found a runed translucent gate.
 24023 | Orc:2    | Found a runed translucent gate.
 24057 | Orc:2    | Noticed jasper's ghost (journeyman MDFi)
 25279 | Orc:2    | Received a gift from Okawaru
 25301 | Orc:2    | Found a roughly hewn altar of Beogh.
 25695 | Orc:2    | Found Mutoad's Antique Armour Shop.
 25696 | Orc:2    | Found Iquberoos's Antique Weapon Shop.
 25698 | Orc:2    | Found Ziepn's General Store.
 25698 | Orc:2    | Found Kykeibius's Book Boutique.
 25735 | Orc:2    | Bought a fading scale mail for 252 gold pieces
 25735 | Orc:2    | Identified the +1 scale mail "Jeynakk" {+Inv rElec} (You
                  | bought it in a shop on level 2 of the Orcish Mines)
 26010 | Orc:2    | Killed jasper's ghost
 26011 | Orc:2    | Reached skill level 15 in Fighting
 26053 | Orc:2    | Identified the +1 scale mail "Pobug" {rF- Will+ Int+4}
 26578 | D:13     | Found Mestroala's Assorted Antiques.
 26589 | D:13     | Identified the +9 spear of a bazaar {flame, rN+ rCorr
                  | Str+3}
 26799 | D:13     | Found a gate to the Vaults.
 27139 | D:13     | Found a runed translucent door.
 27143 | D:13     | Found a hide-covered altar of Uskayaw.
 27952 | D:14     | Reached skill level 19 in Axes
 28018 | D:14     | Received a gift from Okawaru
 28113 | D:14     | Reached XP level 16. HP: 97/149 MP: 25/25
 28116 | D:14     | Found a blossoming altar of Fedhas.
 28342 | D:14     | Noticed Kirke
 28372 | D:14     | Killed Kirke
 28451 | D:14     | Identified a scroll of acquirement
 28456 | D:14     | Acquired a manual of Armour
 28597 | D:14     | Found a basalt altar of Yredelemnul.
 28600 | D:14     | Received a gift from Okawaru
 28649 | D:14     | Noticed Roxanne
 29160 | D:15     | Entered Level 15 of the Dungeon
 30188 | D:15     | Found a hide-covered altar of Uskayaw.
 30362 | D:15     | Found a staircase to the Depths.
 30831 | D:8      | Killed Jeremiah
 30947 | D:8      | Found a runed translucent door.
 31392 | D:8      | Received a gift from Okawaru
 31469 | D:10     | Found a transporter.
 31487 | D:10     | Killed MrSquiggles's ghost
 31895 | Lair:5   | Killed Posi's ghost
 31913 | Lair:5   | Killed jamsaran's ghost
 31915 | Lair:5   | HP: 7/152 [poisoned by jamsaran's ghost (toxic radiance)]
 32161 | Spider:1 | Entered Level 1 of the Spider Nest
 32339 | Spider:1 | Received a gift from Okawaru
 32677 | Spider:1 | Noticed Asterion
 32728 | Spider:1 | Reached skill level 15 in Shields
 32924 | Spider:1 | Killed Asterion
 33099 | Spider:1 | Noticed Mlioglotl
 33120 | Spider:1 | Killed Mlioglotl
 33153 | Spider:1 | Noticed Frances
 33176 | Spider:1 | Killed Frances
 33586 | Spider:2 | Identified the serpent talisman of the Seven of Swords
                  | {Slay+3 SInv}
 33586 | Spider:2 | Noticed Aizul
 33611 | Spider:2 | Killed from afar by Aizul

Illustrated notes

Levels and vault maps discovered:
D:1:      lemuel_arrival_rhombus, layout_rooms, st_stairs_2
D:2:      layout_loops_ring
D:3:      layout_loops_cross, lemuel_tele_altar, ebering_ecumenical_altar_mist,
          dk_noncrumbling_3, minivault_4
D:4:      layout_basic
D:5:      black_bear_nest_1, layout_loops_corners,
          minmay_temple_entry_enclosed_plants, uniq_prince_ribbit1
D:6:      layout_basic
D:7:      minmay_flawed_box, layout_loops_ring, overflow_temple_1_default,
          nicolae_shop_vocational
D:8:      cheibrodos_shockbox, layout_gridville, enter_bailey_1,
          kb_lookout_dungeons_type, minivault_4, grunt_decor_clamped,
          uniq_psyche, uniq_erica, uniq_pikel, uniq_jeremiah
D:9:      layout_loops_ring
D:10:     layout_stronghold, erik_lair_orcish_takeover, orc_david_3,
          gammafunk_ghost_smash
D:11:     layout_irregular_city, corexii_leaking_fountain, serial_bayou_pond_d,
          minmay_statue_crystal_thing
D:12:     layout_roguey
D:13:     layout_cave_pods, david_vaults_4, serial_shops,
          nicolae_shop_waterfront, st_stairs_8, nicolae_lava_and_water,
          nicolae_danse_macabre
D:14:     kennysheep_blocky_hall, layout_basic, fedhas_altar_1,
          minmay_ruined_shrine, uniq_kirke, uniq_roxanne
D:15:     grunt_enter_depths_hoard, layout_loops_ring, minmay_crystal_room,
          nicolae_uskayaw_suspiria
Temple:   mainiacjoe_temple_cubbyholes
Lair:1:   layout_loops_ring, lemuel_old_faithful, grunt_megastairs_1
Lair:2:   beargit_carnivore_pack, layout_layer_cave, palyth_hydra_swamp_entry
Lair:3:   beast_lair_carwin_large_3, layout_regular_city,
          spider_nest_entry_webs, uniq_amaemon
Lair:4:   nzn_winding_woodlands_stair_trap [nzn_winding_woodlands_5x15_eye,
          nzn_winding_woodlands_5x15_parted,
          nzn_winding_woodlands_5x15_concentric,
          nzn_winding_woodlands_15x15_killbox,
          nzn_winding_woodlands_5x15_jagged, nzn_winding_woodlands_5x15_garden,
          nzn_winding_woodlands_5x15_sawtooth], layout_long_grid,
          nicolae_slime_entry_field_trip
Lair:5:   minmay_lair_end_frog_pond, layout_regular_city,
          gammafunk_ghost_cemetery, nicolae_lair_grove_arrangements
Spider:1: layout_spider_delve, uniq_frances, uniq_asterion, uniq_mlioglotl
Spider:2: layout_cave_pods, nicolae_spider_swamp_cousins, uniq_aizul,
          uniq_donald, uniq_azrael
Orc:1:    layout_caves, uniq_sonja, uniq_harold, uniq_josephine
Orc:2:    st_orc_congregation, layout_diamond_mine,
          maelrawn_ghost_gauntlet_escape, basic_altar, nicolae_orc_crystal_geode

Skill      XL: |  1  2  3  4  5  6  7  8  9 10 11 12 13 14 15 16 |
---------------+-------------------------------------------------+-----
Axes           | 3 4 5 6 8 9 10 11 12 14 15 16 17 18 19 | 19.4
Invocations    | 2 3 5 7 8 9 10 11 12 | 12.0
Armour         | 4 5 6 8 10 11 12 13 | 13.6
Fighting       | 4 5 6 8 10 12 13 15 16 | 16.8
Dodging        | 1 2 3 4 5 6 |  6.0
Shields        | 4 5 7 9 10 11 13 15 | 15.3
Throwing       | 3 4 |  4.8

Action                     |  1- 3 |  4- 6 |  7- 9 | 10-12 | 13-15 | 16-18 || total
---------------------------+-------+-------+-------+-------+-------+-------++-------
  Melee: War axe           |    90 |   130 |   374 |   670 |  2013 |   771 ||  4048
         Mace              |       |       |       |    17 |    38 |       ||    55
  Throw: Boomerang         |       |       |       |       |    13 |       ||    13
 Invoke: Heroism           |       |       |     7 |     7 |    16 |     6 ||    36
         Finesse           |       |       |       |     1 |     6 |     2 ||     9
  Evoke: Wand              |       |       |       |     2 |       |       ||     2
    Use: Potion            |       |       |     3 |     3 |       |     7 ||    13
         Scroll            |       |       |    10 |     5 |    13 |     2 ||    30
   Stab: Petrified         |       |       |       |       |     2 |       ||     2
         Sleeping          |       |       |       |       |       |     1 ||     1
 Armour: Scale mail        |    82 |    97 |    50 |       |       |     4 ||   233
         Skin              |       |       |     4 |       |       |       ||     4
         Chain mail        |       |       |    75 |       |       |       ||    75
         Plate armour      |       |       |   140 |   422 |  1309 |   275 ||  2146
         Leather armour    |       |       |       |       |       |   249 ||   249
  Dodge: Dodged            |    51 |    47 |   139 |   157 |   482 |   229 ||  1105
  Block: Buckler           |    20 |    28 |   107 |   260 |   326 |       ||   741
         Reflection        |       |       |       |     8 |       |       ||     8
         Tower shield      |       |       |       |       |   327 |   827 ||  1154

Table legend: (Time is in decaauts)
 A = Elapsed time spent in this place.
 B = Non-inter-level travel time spent in this place.
 C = Inter-level travel time spent in this place.
 D = Time resting spent in this place.
 E = Time spent auto-exploring this place.
 F = Levels seen in this place.
 G = Mean time per level.
                   A        B        C        D        E       F      G
               +--------+--------+--------+--------+--------+-----+--------+
         Total |  32844 |  28795 |   4049 |   4327 |  13555 |  26 | 1263.2 |
       Dungeon |  17691 |  15288 |   2403 |   1921 |   8793 |  15 | 1179.4 |
        Temple |     76 |      2 |     74 |      0 |      0 |   1 |   76.0 |
          Lair |   9615 |   8476 |   1139 |   1454 |   3506 |   5 | 1923.0 |
   Spider Nest |   1368 |   1210 |    158 |     94 |    579 |   2 |  684.0 |
  Orcish Mines |   2791 |   2517 |    274 |    186 |    677 |   2 | 1395.5 |
        Bailey |   1299 |   1299 |      0 |    670 |      0 |   1 | 1299.0 |
               +--------+--------+--------+--------+--------+-----+--------+

Top non-repeatable levels by time:
  Lair:5: 2423 daAuts
  Lair:4: 2346 daAuts
  Lair:2: 2112 daAuts
   Orc:2: 2070 daAuts
     D:8: 2036 daAuts
    D:10: 1756 daAuts
     D:5: 1533 daAuts
    D:14: 1453 daAuts
  Lair:1: 1376 daAuts
  Lair:3: 1357 daAuts
    D:13: 1336 daAuts
Spider:1: 1299 daAuts
  Bailey: 1299 daAuts
     D:7: 1205 daAuts
    D:12: 1152 daAuts
